 Dungeon Crawl Stone Soup version 0.31-a0-95-g6fa058ef04 (console) character file.

Game seed: 9522048095280548131

25781 petzl the Destroyer (level 13, -38/104 HPs)
             Began as a Formicid Delver on May 23, 2023.
             Was a High Priest of Vehumet.
             Hit by a large rock thrown by a stone giant (51 damage)
             ... on level 15 of the Dungeon on May 25, 2023.
             The game lasted 01:59:29 (17617 turns).

petzl the Destroyer (Formicid Delver)              Turns: 17617, Time: 01:59:30

Health: -38/104    AC: 11    Str: 17    XL:     13   Next: 53%
Magic:  14/25      EV: 14    Int: 21    God:    Vehumet [*****.]
Gold:   476        SH:  0    Dex: 18    Spells: 10/28 levels left

rFire   + . .        b - +2 shortbow (drain)
rCold   + . .        (no shield)
rNeg    . . .        V - +1 robe {rC+ rF+}
rPois   .            (helmet unavailable)
rElec   .            L - +0 cloak
rCorr   .            o - +0 pair of gloves
SInv    +            p - +4 pair of boots "Budegoeq" {Dex+3}
Will    +....        J - amulet of magic regeneration
Stlth   ++++         x - ring of wizardry
HPRegen 0.37/turn    z - +6 ring of intelligence
MPRegen 0.59/turn

%: wizardry (x1)
@: no status effects
A: permanent stasis, dig shafts and tunnels, antennae 3, four strong arms,
robust 1
a: Dig, Shaft Self, Renounce Religion


You were on level 15 of the Dungeon.
You worshipped Vehumet.
Vehumet was extremely pleased with you.
You visited 3 branches of the dungeon, and saw 19 of its levels.
You also visited: Ossuary.

You collected 800 gold pieces.
You spent 324 gold pieces at shops.

Inventory:

Hand Weapons
 a - the +0 morningstar of Ysuts {spect, rElec rCorr Dex+3}
   (You bought it in a shop on level 7 of the Dungeon)

   Dex:       It affects your dexterity (+3).
   rElec:     It insulates you from electricity.
   rCorr:     It protects you from acid and corrosion.
 b - a +2 shortbow of draining (weapon)
 c - a +1 mace of protection
 j - a +1 broad axe of electrocution {!f =f}
 u - a +0 long sword of venom
 K - a +4 quarterstaff of chaos
 N - a +1 flail of holy wrath
 P - a +0 longbow of draining
 R - a +0 shortbow of flaming
 U - the +2 great sword "Gampeh" {venom, Drain Will+ rCorr Str+6}
   (You found it on level 2 of the Lair of Beasts)

   Str:       It affects your strength (+6).
   rCorr:     It protects you from acid and corrosion.
   Drain:     It drains your maximum health when unequipped.
   Will:      It increases your willpower.
Missiles
 A - 4 throwing nets
 F - 21 poisoned darts
 M - 5 curare-tipped darts
Armour
 o - a +0 pair of gloves (worn)
 p - the +4 pair of boots "Budegoeq" (worn) {Dex+3}
   (You acquired it in an ossuary)

   Dex:       It affects your dexterity (+3).
 L - a +0 cloak (worn)
 S - a +1 leather armour of fire resistance
 V - a +1 robe of resistance (worn)
Jewellery
 e - a +6 ring of strength
 x - a ring of wizardry (left hand)
 z - a +6 ring of intelligence (right hand)
 J - an amulet of magic regeneration (around neck)
 W - a ring of protection from fire
Wands
 f - a wand of digging (5)
 m - a wand of roots (5)
 y - a wand of charming (8)
 D - a wand of polymorph (10)
 Q - a wand of light (3)
Scrolls
 g - 3 scrolls of noise
 h - 2 scrolls of torment
 i - 2 scrolls of butterflies
 r - 2 scrolls of amnesia
 w - 3 scrolls of enchant armour
 B - a scroll of fear
 C - 2 scrolls of fog
 E - 2 scrolls of immolation
 G - a scroll of magic mapping
 O - 2 scrolls of identify
 T - 2 scrolls of vulnerability
Potions
 d - 3 potions of enlightenment
 k - a potion of brilliance
 l - 3 potions of attraction
 n - a potion of ambrosia
 q - a potion of might
 s - a potion of lignification
 v - 4 potions of mutation
 H - a potion of invisibility
 I - 2 potions of heal wounds
 X - a potion of curing
Miscellaneous
 t - a box of beasts


   Skills:
 - Level 6.7 Fighting
 - Level 2.0 Maces & Flails
 - Level 4.1 Ranged Weapons
 - Level 5.0 Armour
 - Level 4.0 Dodging
 - Level 8.8 Stealth
 - Level 8.2 Spellcasting
 - Level 9.2 Conjurations
 - Level 3.9 Necromancy
 + Level 5.8 Translocations
 - Level 4.0 Transmutations
 - Level 8.0 Fire Magic
 - Level 5.4 Air Magic
 - Level 6.0 Poison Magic
 - Level 3.0 Evocations


You had 10 spell levels left.
You knew the following spells:

 Your Spells              Type           Power      Damage    Failure   Level
a - Poisonous Vapours     Pois/Air       56%        N/A       1%          2
b - Iskenderun's Mystic   Conj/Tloc      36%        2d9       1%          4
m - Mephitic Cloud        Conj/Pois/Air  31%        N/A       1%          3
s - Sticky Flame          Conj/Fire      40%        2d6       1%          4
u - Sublimation of Blood  Necr           25%        N/A       1%          2
I - Ignite Poison         Fire/Tmut/Pois 28%        N/A       1%          3

Your spell library contained the following spells:

 Spells                   Type           Power      Damage    Failure   Level
 Arcjolt                  Conj/Air       17%        1d27      1%          5
 Magic Dart               Conj           100%       1d8       1%          1
 Dazzling Flash           Conj/Hex       46%        N/A       1%          3
 Volatile Blastmotes      Fire/Tloc      66%        2d15      1%          3
 Irradiate                Conj/Tmut      16%        3d17      2%          5
 Frozen Ramparts          Ice            16%        1d3       3%          3
 Call Imp                 Summ           16%        N/A       4%          2
 Starburst                Conj/Fire      20%        6d7       6%          6
 Ice Form                 Ice/Tmut       12%        N/A       21%         4
 Petrify                  Tmut/Erth      12%        N/A       21%         4
 Summon Ice Beast         Ice/Summ       4%         N/A       41%         4
 Ignition                 Fire           21%        3d8       82%         8
 Borgnjor's Revivificati  Necr           12%        N/A       100%        8
 Necromutation            Tmut/Necr      10%        N/A       100%        8
 Death's Door             Necr           12%        N/A       100%        9


Dungeon Overview and Level Annotations

Branches:
Dungeon (15/15)            Temple (1/1) D:6            Lair (4/5) D:8
  Snake (0/4) Lair:2      Ossuary (visited)
  Swamp: Lair:2-3    Shoals: Lair:2-3     Slime: Lair:4-5       Orc: D:9-12
 Vaults: D:13-14     Depths: D:15

Altars:
Ashenzari
Dithmenos
Elyvilon
Gozag
Hepliaklqana
Kikubaaqudgha
Makhleb
Okawaru
Qazlal
Ru
Trog
Vehumet
Xom
Yredelemnul
Zin
The Shining One
Lugonu

Shops:
D:2 [   D:6 *   D:7 (

Annotations:
D:9 Amaemon, Erolcha
D:13 exclusion: downstairs
D:14 exclusions: catoblepas and centaur warrior
D:15 exclusions: deep elf pyromancer, manticore and tengu warrior
Lair:2 exclusion: 2 downstairs
Lair:3 exclusions: downstairs, oklob plant and skyshark


Innate Abilities, Weirdness & Mutations

You cannot be hasted, slowed, berserked, paralysed or teleported.
You can dig through walls and to a lower floor.
You have a pair of large antennae on your head. (SInv)
Your four strong arms can wield two-handed weapons with a shield.
You are robust. (+10% HP)


Message History

Unknown command.
The spriggan hits you but does no damage.
The stone giant throws a large rock.
The large rock hits you!!!
Casting: Mephitic Cloud (safe; 1% risk of failure)
Confirm with . or Enter, or press ? or * to list all spells.
Aiming: Sticky Flame (safe; 1% risk of failure)
Press: ? - help, Shift-Dir - straight line, f - spriggan
Aim: a spriggan (confused)
The sticky flame hits the spriggan!
The spriggan is heavily wounded.
The spriggan is covered in liquid flames!
The spriggan burns!
Unknown command.
Unknown command.
Unknown command.
The spriggan burns!
The spriggan burns!
You kill the spriggan!
Vehumet accepts your kill.
The spriggan's shape twists and changes as it dies.
Casting: Sticky Flame (safe; 1% risk of failure)
Confirm with . or Enter, or press ? or * to list all spells.
Aiming: Mephitic Cloud (safe; 1% risk of failure)
Press: ? - help, Shift-Dir - straight line The ball explodes into a vile cloud!
The stinking cloud engulfs the stone giant but does no damage.
You hear a shout! x2
The stone giant is engulfed in noxious fumes.
The stone giant throws a large rock.
The large rock hits you!!!
* * * LOW HITPOINT WARNING * * *
Unknown command.
Okay, then.
As you read the scroll of fog, it crumbles to dust.
The scroll dissolves into smoke.
The stone giant is engulfed in noxious fumes.
You feel much better.
The stone giant throws a large rock.
The large rock hits you!!
* * * LOW HITPOINT WARNING * * *
The stone giant throws a large rock.
The large rock hits you!!!
You die...

######################
.....................#
..............####...#
..............# #...#
e.............# #...#
..............# #...# #
..............# #...# .#
#..............# #...####..#
#..............# #.........###
###..............####...........H
...............<.................
........................####.....
........................# ...#
...................##...# ..#
................@..##...#### .#
...........Q................. #
Q............................
.................§............
#########...§§§C....###.......
#...§.§§§...# #.......
#....§§§§§..# .......
#)..§§§§§§§.# ......
###....§§§§§§.### ...
...........§....!
.........C.......
..........†......
##...............
#............... #.....).........
#..####)####.... #..#≈≈...≈≈#....
#. #≈..#..≈# ... . #.#.#.#.#


You could see a stone giant and a tengu warrior.

Vanquished Creatures
  A boulder beetle (Lair:3)
  5 two-headed ogres
  2 tengu warriors (D:15)
  Pikel (D:8)
  Joseph (D:8)
  3 black mambas (Lair:1)
  2 cane toads (Lair:1)
  3 komodo dragons
  A kobold demonologist (D:7)
  Psyche (D:8)
  A rime drake (Lair:4)
  3 meliai (D:14)
  3 polar bears
  Grinder (D:5)
  Prince Ribbit (D:6)
  10 blink frogs
  A wraith (D:10)
  Eustachio (D:6)
  4 fire bats
  A spriggan (shapeshifter) (D:15)
  A wyvern (Lair:4)
  30 yaks
  4 basilisks
  A steam dragon (D:6)
  Menkaure (D:6)
  2 nagas (Lair:2)
  12 water moccasins
  4 sky beasts
  An orc warrior (D:7)
  4 black bears
  2 ogres (D:5)
  5 wolves
  3 centaurs
  A phantom (D:7)
  A kobold brigand (D:8)
  13 bullfrogs
  A gnoll sergeant (D:8)
  13 scorpions
  18 wights
  6 killer bees
  4 jellies
  An electric eel (Lair:2)
  5 howler monkeys
  A lava snake (Lair:2)
  5 hounds
  2 human zombies (Ossuary)
  2 orc priests
  Crazy Yiuf (D:6)
  A sleepcap (D:8)
  A gnoll bouda (D:9)
  Ijyb (D:3)
  2 iguanas
  A scorpion zombie (Ossuary)
  6 orc wizards
  12 hell rats
  3 mummies (Ossuary)
  Robin (D:3)
  9 gnolls
  5 adders
  A white imp (D:8)
  An ufetubus (D:6)
  3 worms
  A dart slug (D:1)
  24 orcs
  11 ball pythons
  6 endoplasms
  3 giant cockroaches
  3 gnoll zombies (Ossuary)
  10 hobgoblins
  4 jackals
  7 quokkas
  6 bats
  6 frilled lizards
  21 goblins
  4 goblin zombies
  4 hobgoblin zombies (Ossuary)
  5 kobolds
  3 kobold zombies (Ossuary)
  2 orc zombies (Ossuary)
  A quokka zombie (D:8)
  8 rats
366 creatures vanquished.

Vanquished Creatures (collateral kills)
  A yak (D:5)
1 creature vanquished.

Vanquished Creatures (others)
  2 yaks (D:5)
  An orc (D:9)
  A fire vortex (Lair:2)
  A spectral weapon (D:8)
5 creatures vanquished.

Grand Total: 372 creatures vanquished

Notes
Turn   | Place    | Note
-------+----------+-------------------------------------------
     0 | D:5      | petzl the Formicid Delver began the quest for the Orb.
     0 | D:5      | Reached XP level 1. HP: 18/18 MP: 1/1
    21 | D:6      | Noticed a jelly
    47 | D:5      | Noticed a yak
    47 | D:5      | Noticed a yak
    48 | D:5      | Noticed a yak
    48 | D:5      | Noticed a yak
   231 | D:2      | Reached skill level 1 in Spellcasting
   275 | D:2      | Reached XP level 2. HP: 24/24 MP: 4/4
   458 | D:1      | Reached XP level 3. HP: 29/29 MP: 6/6
  1093 | D:2      | Reached XP level 4. HP: 32/35 MP: 8/8
  1206 | D:2      | Found Qaquheh's Antique Armour Shoppe.
  1601 | D:4      | Reached skill level 1 in Ranged Weapons
  1666 | D:4      | Reached XP level 5. HP: 41/41 MP: 10/10
  1965 | D:3      | Noticed Robin
  2201 | D:3      | Noticed Ijyb
  2421 | D:3      | You fall into a shaft and drop 1 floor!
  2503 | D:4      | You fall into a shaft and drop 3 floors!
  2609 | D:7      | Noticed a kobold demonologist
  2632 | D:6      | Noticed a steam dragon
  2657 | D:6      | Found a staircase to the Ecumenical Temple.
  2663 | Temple   | Entered the Ecumenical Temple
  2726 | Temple   | Became a worshipper of Vehumet
  3007 | D:7      | Noticed a sky beast
  3093 | D:5      | Noticed a yak
  3212 | D:5      | Noticed a yak
  3363 | D:5      | Noticed an ogre
  3535 | D:4      | Reached XP level 6. HP: 20/47 MP: 4/12
  3646 | D:4      | Found an ancient bone altar of Kikubaaqudgha.
  3826 | D:3      | Killed Robin
  4032 | D:3      | Upgraded the game from 0.31-a0-75-g6fe912e8c5 to
                  | 0.31-a0-83-gbff143cfd1
  4210 | D:3      | Learned a level 4 spell: Sticky Flame
  4372 | D:5      | Found a white marble altar of Elyvilon.
  4523 | D:7      | Found a bloodstained altar of Trog.
  4721 | D:7      | Noticed a sky beast
  4771 | D:7      | Noticed a sky beast
  4849 | D:6      | Noticed a water moccasin
  5020 | D:6      | Reached skill level 1 in Conjurations
  5020 | D:6      | Reached skill level 1 in Fire Magic
  5266 | D:6      | Noticed Menkaure
  5363 | D:5      | Reached XP level 7. HP: 52/52 MP: 13/13
  5439 | D:5      | Reached skill level 2 in Conjurations
  5788 | D:5      | Killed a yak
  5789 | D:5      | Reached skill level 3 in Conjurations
  5815 | D:5      | Killed a yak
  5816 | D:5      | Reached XP level 8. HP: 35/58 MP: 9/14
  5817 | D:5      | Killed a yak
  5818 | D:5      | Reached skill level 4 in Conjurations
  6027 | D:4      | Found an opulent altar of Gozag.
  6317 | D:4      | Reached * piety under Vehumet
  6317 | D:4      | Offered knowledge of Foxfire by Vehumet.
  6413 | D:4      | You fall into a shaft and drop 1 floor!
  6544 | D:5      | Found a burning altar of Makhleb.
  6550 | D:5      | Reached skill level 5 in Fire Magic
  6795 | D:5      | Reached skill level 5 in Conjurations
  6827 | D:5      | Killed a yak
  6918 | D:5      | Reached XP level 9. HP: 59/64 MP: 11/15
  6960 | D:5      | Noticed Grinder
  6970 | D:5      | Killed Grinder
  6971 | D:5      | Reached skill level 6 in Conjurations
  6974 | D:5      | You fall into a shaft and drop 3 floors!
  7121 | D:8      | Noticed Pikel
  7122 | D:8      | Found a sand-covered staircase.
  7129 | Ossuary  | Entered an ossuary
  7206 | Ossuary  | Learned a level 2 spell: Sublimation of Blood
  7487 | Ossuary  | Reached ** piety under Vehumet
  7487 | Ossuary  | Offered knowledge of Poisonous Vapours by Vehumet.
  7497 | Ossuary  | Learned a level 2 spell: Poisonous Vapours
  7501 | Ossuary  | Learned a level 3 spell: Ignite Poison
  7589 | Ossuary  | Reached skill level 1 in Poison Magic
  7640 | Ossuary  | Identified a scroll of acquirement
  7641 | Ossuary  | Acquired the +4 pair of boots "Budegoeq" {Dex+3}
  7866 | Ossuary  | Gained mutation: You are robust. (+10% HP) [potion of
                  | mutation]
  7905 | D:8      | Killed Pikel
  7906 | D:8      | Reached skill level 1 in Armour
  7906 | D:8      | Reached skill level 1 in Necromancy
  7906 | D:8      | Reached skill level 1 in Transmutations
  7906 | D:8      | Reached skill level 1 in Evocations
  7906 | D:8      | Reached XP level 10. HP: 67/78 MP: 17/17
  7986 | D:7      | Reached skill level 1 in Air Magic
  8127 | D:7      | Killed a kobold demonologist
  8128 | D:7      | Reached skill level 5 in Spellcasting
  8295 | D:7      | Found Baprusosm's Antique Weapon Shoppe.
  8325 | D:7      | Bought a fine morningstar for 234 gold pieces
  8325 | D:7      | Identified the +0 morningstar of Ysuts {spect, rElec rCorr
                  | Dex+3} (You bought it in a shop on level 7 of the Dungeon)
  8433 | D:7      | Reached skill level 7 in Conjurations
  8500 | D:7      | Offered knowledge of Momentum Strike by Vehumet.
  8561 | D:7      | Found a glowing golden altar of the Shining One.
  8565 | D:7      | Noticed an angel
  8572 | D:7      | Found a basalt altar of Yredelemnul.
  8587 | D:8      | Found a staircase to the Lair.
  8743 | D:8      | Noticed a two-headed ogre
  8892 | D:6      | Learned a level 3 spell: Mephitic Cloud
  8951 | D:6      | Found a runed translucent door.
  8952 | D:6      | Noticed Crazy Yiuf
  8958 | D:6      | Killed Crazy Yiuf
  8998 | D:6      | Noticed Prince Ribbit
  9016 | D:6      | Killed Prince Ribbit
  9098 | D:6      | Reached *** piety under Vehumet
  9121 | D:6      | Found a stormy altar of Qazlal.
  9123 | D:6      | Noticed Eustachio
  9149 | D:6      | Killed Eustachio
  9406 | D:6      | Found Vucsad's Serpentskin Sales.
  9417 | D:6      | Bought 5 curare-tipped darts for 90 gold pieces
  9932 | D:8      | Killed a two-headed ogre
  9933 | D:8      | Reached XP level 11. HP: 82/85 MP: 10/19
  9958 | D:8      | Offered knowledge of Inner Flame by Vehumet.
 10101 | D:8      | Noticed Joseph
 10112 | D:8      | Killed Joseph
 10138 | D:8      | Found a broken altar of Ashenzari.
 10282 | D:8      | Reached skill level 5 in Fighting
 10323 | D:8      | Reached skill level 5 in Poison Magic
 10584 | D:8      | Reached **** piety under Vehumet
 10653 | D:8      | Noticed a two-headed ogre
 10664 | D:8      | Killed a two-headed ogre
 11105 | D:3      | Killed Ijyb
 11243 | D:6      | Killed Menkaure
 11325 | Lair:1   | Entered Level 1 of the Lair of Beasts
 11592 | Lair:1   | Offered knowledge of Volatile Blastmotes by Vehumet.
 11604 | Lair:1   | HP: 1/88 [black mamba (9)]
 11969 | Lair:1   | Reached XP level 12. HP: 86/95 MP: 19/21
 11981 | Lair:1   | Reached skill level 8 in Conjurations
 13124 | Lair:1   | You fall into a shaft and drop 1 floor!
 13457 | Lair:2   | Reached skill level 5 in Air Magic
 13644 | Lair:3   | Noticed a skyshark
 13789 | Lair:3   | Noticed a boulder beetle
 13807 | Lair:3   | Reached skill level 9 in Conjurations
 13842 | Lair:3   | Killed a boulder beetle
 14058 | Lair:2   | Reached ***** piety under Vehumet
 14075 | Lair:2   | Offered knowledge of Arcjolt by Vehumet.
 14461 | Lair:2   | Identified the +2 great sword "Gampeh" {venom, Drain Will+
                  | rCorr Str+6}
 14558 | Lair:2   | Reached XP level 13. HP: 70/103 MP: 25/25
 14727 | Lair:2   | Found a staircase to the Snake Pit.
 15502 | D:9      | Noticed Psyche
 15509 | D:8      | Killed Psyche
 15692 | D:8      | Reached skill level 5 in Armour
 15923 | D:9      | Noticed Amaemon
 15955 | D:8      | Learned a level 4 spell: Iskenderun's Mystic Blast
 16192 | D:9      | Reached skill level 1 in Translocations
 16478 | D:9      | Noticed Erolcha
 16604 | D:10     | Entered Level 10 of the Dungeon
 17057 | D:9      | You fall into a shaft and drop 3 floors!
 17100 | D:12     | Upgraded the game from 0.31-a0-83-gbff143cfd1 to
                  | 0.31-a0-95-g6fa058ef04
 17303 | D:14     | Reached skill level 5 in Translocations
 17424 | D:14     | Noticed a centaur warrior
 17424 | D:14     | Noticed a catoblepas
 17513 | D:15     | Entered Level 15 of the Dungeon
 17596 | D:15     | Noticed a stone giant
 17617 | D:15     | Hit by a large rock thrown by a stone giant

Illustrated notes

Levels and vault maps discovered:
D:1:      ncdulo_watergridlock, layout_basic, corner_web_ring
D:2:      layout_basic, serial_shops, shop
D:3:      layout_loops_corners, portal_sewer_entry_d, uniq_robin, uniq_ijyb
D:4:      layout_basic, mainiacjoe_overflow_six_doors_small,
          mainiacjoe_overflow_chevrons, serial_glass, glass_columns_b,
          glass_columns_c, minmay_small_thing
D:5:      minmay_evil_eye, layout_basic, makhleb_blood_cavern_becter,
          mainiacjoe_overflow_paths, uniq_grinder
D:6:      layout_loops_corners, nicolae_qazlal_style_of_elements,
          minmay_temple_entry_hall, guppyfry_shop_venom, uniq_eustachio,
          uniq_menkaure, uniq_prince_ribbit1, uniq_crazy_yiuf_cottage
D:7:      layout_loops_ring, grunt_temple_overflow_holy_war,
          mainiacjoe_overflow_surrounded_room, serial_shops,
          nicolae_shop_waterfront
D:8:      minmay_razor_zed, layout_cave_pools, lemuel_tele_altar,
          lair_entry_dummy, enter_ossuary_4, st_stairs_8, uniq_pikel,
          uniq_joseph
D:9:      layout_basic, serial_glass, glass_columns_a, glass_columns_a,
          grunt_decor_cap, bh_walls_and_bars, uniq_erolcha, uniq_psyche,
          uniq_amaemon
D:10:     layout_layer_cave, jmf_multi_god_temple2,
          nicolae_uskayaw_murder_on_the_dancefloor, chei_slow_surprise,
          onia_ninara_dug_in_and_dangerous
D:12:     layout_long_grid, serial_shops, shop, shop, shop, st_stairs_13,
          uniq_urug, uniq_frances
D:13:     layout_long_grid
D:14:     layout_long_grid, david_vaults_5, minmay_misc_feat_plants,
          gammafunk_ghost_stat_death
D:15:     grunt_enter_depths_snipers, layout_small_grid, chequers_arboretum
Temple:   kb_corrupted_temple
Lair:1:   layout_roguey, serial_bayou_pond_a, lemuel_fruit_fields,
          serial_bayou_shore_b, grunt_megastairs_4
Lair:2:   layout_gridlike, guppyfry_snake_entry_island, serial_bayou_pond_e
Lair:3:   gammafunk_cloud_chamber, layout_chaotic_city,
          minmay_swamp_entry_reptiles, serial_bayou_lake_a, serial_bayou_shore_b
Lair:4:   dragon1_lemuel, layout_misc_corridors, special_room
          [special_room_mythical_zoo], lemuel_fruit_tree

Skill      XL: |  1  2  3  4  5  6  7  8  9 10 11 12 13 |
---------------+----------------------------------------+-----
Spellcasting   | 1 2 3 4 5 6 8 |  8.2
Ranged Weapons | 1 2 3 4 |  4.1
Conjurations   | 1 3 5 6 7 9 |  9.2
Fire Magic     | 2 4 5 7 8 |  8.0
Poison Magic   | 1 4 6 |  6.0
Dodging        | 2 3 4 |  4.0
Armour         | 1 3 4 5 |  5.0
Necromancy     | 1 2 3 |  3.9
Transmutations | 1 2 4 |  4.0
Evocations     | 1 2 3 |  3.0
Air Magic      | 2 3 5 |  5.4
Fighting       | 4 5 6 |  6.7
Stealth        | 7 8 |  8.8
Translocations | 5 |  5.8
Maces & Flails | |  2.0

Action                     |  1- 3 |  4- 6 |  7- 9 | 10-12 | 13-15 || total
---------------------------+-------+-------+-------+-------+-------++-------
  Melee: Mace              |   122 |   207 |   105 |    26 |       ||   460
         Punch             |     2 |     4 |       |     1 |     1 ||     8
         Club              |       |     3 |       |       |       ||     3
         Morningstar       |       |       |       |   224 |    95 ||   319
   Fire: Sling             |       |    83 |       |       |       ||    83
         Shortbow          |       |    10 |   115 |   183 |    43 ||   351
   Cast: Sticky Flame      |       |       |    24 |    41 |     7 ||    72
         Mephitic Cloud    |       |       |       |    68 |    37 ||   105
         Ignite Poison     |       |       |       |    42 |    17 ||    59
         Poisonous Vapours |       |       |       |     3 |       ||     3
Ability: Dig               |       |     3 |     2 |     8 |       ||    13
         Shaft Self        |       |     2 |     2 |     1 |     1 ||     6
  Evoke: Wand              |       |     8 |     4 |     1 |       ||    13
    Use: Scroll            |       |    11 |     7 |     6 |     5 ||    29
         Potion            |       |     4 |     3 |     5 |     1 ||    13
   Stab: Sleeping          |    13 |     3 |     1 |     2 |       ||    19
         Confused          |       |       |       |    15 |     4 ||    19
 Armour: Leather armour    |    14 |       |       |    89 |     1 ||   104
         Ring mail         |    12 |   105 |    52 |    66 |       ||   235
         Robe              |       |       |       |       |    39 ||    39
  Dodge: Dodged            |    80 |   170 |    65 |   249 |   109 ||   673

Table legend: (Time is in decaauts)
 A = Elapsed time spent in this place.
 B = Non-inter-level travel time spent in this place.
 C = Inter-level travel time spent in this place.
 D = Time resting spent in this place.
 E = Time spent auto-exploring this place.
 F = Levels seen in this place.
 G = Mean time per level.
                   A        B        C        D        E       F      G
               +--------+--------+--------+--------+--------+-----+--------+
         Total |  17968 |  16735 |   1233 |   4215 |   4706 |  20 |  898.4 |
       Dungeon |  12863 |  11871 |    992 |   2377 |   3540 |  14 |  918.8 |
        Temple |     81 |     61 |     20 |      0 |     50 |   1 |   81.0 |
          Lair |   4235 |   4014 |    221 |   1561 |   1115 |   4 | 1058.8 |
       Ossuary |    787 |    787 |      0 |    276 |      0 |   1 |  787.0 |
               +--------+--------+--------+--------+--------+-----+--------+

Top non-repeatable levels by time:
  Lair:2: 2162 daAuts
     D:6: 1807 daAuts
     D:8: 1792 daAuts
     D:5: 1703 daAuts
     D:3: 1553 daAuts
     D:4: 1551 daAuts
  Lair:1: 1544 daAuts
     D:7: 1499 daAuts
 Ossuary: 787 daAuts
     D:9: 756 daAuts
     D:2: 683 daAuts
     D:1: 680 daAuts
  Lair:3: 496 daAuts
    D:14: 344 daAuts
    D:10: 274 daAuts
